 Zot Defence DCSS version 0.15.2 (webtiles) character file.

81 Meenos the Skirmisher (level 4, -3/50 HPs)
             Began as an Ogre Berserker on Nov 4, 2017.
             Was a Believer of Trog.
             Slain by Grosm the ice beast (12 damage)
             ... in the Realm of Zot (Scenario I: Hall of Zot).
             The game lasted 00:20:55 (448 turns).

Meenos the Skirmisher (Ogre Berserker)               Turns: 448, Time: 00:20:56

HP  -3/50        AC  3     Str 23      XL: 4   Next: 40%
MP   4/4         EV 10     Int  6      God: Trog [**....]
Gold 0           SH  0     Dex  9      Spells:  0 memorised,  3 levels left

rFire  . . .     SeeInvis .     a - +0 falchion
rCold  . . .     Clarity  .     b - +0 animal skin
rNeg   . . .     rCorr    .     (shield restricted)
rPois  .         rRot     .     (helmet restricted)
rElec  .         Spirit   .     (no cloak)
SustAb .         Warding  .     (gloves unavailable)
rMut   .         Stasis   .     (boots unavailable)
Gourm  .                        (no amulet)
MR     .....                    (no ring)
                                (no ring)

@: not resistant to hostile enchantments, very unstealthy
A: unfitting armour, tough skin 1
a: Make oklob sapling, Make arrow trap, Make plant, Remove Curse, Burn
Spellbooks, Berserk, Trog's Hand, Renounce Religion


You were in the Realm of Zot.
You worshipped Trog.
Trog was pleased with you.
You were not hungry.

You visited 1 branch

Inventory:

Hand weapons
 a - a +0 falchion (weapon)
 e - a +0 dagger
Armour
 b - a +0 animal skin (worn)
Comestibles
 d - a meat ration
Scrolls
 i - a scroll of blinking
Potions
 c - a potion of curing
 f - a potion of haste
 g - 2 potions of magic
 h - a potion of berserk rage


   Skills:
 + Level 5.3 Fighting
 + Level 3.2 Long Blades
 - Level 2.9 Dodging


You had 3 spell levels left.
You didn't know any spells.

Dungeon Overview and Level Annotations

Branches:
    Zot (1/1)

Altars:


Innate Abilities, Weirdness & Mutations

You are too large for most types of armour.
You have tough skin (AC +1).


Message History

The kobold dies!
You closely miss the giant newt. The giant newt completely misses you.
The giant newt bites you.
You slash the giant newt!
You kill the giant newt!
Trog accepts your kill.
An arrow misses Grosm!
An arrow hits the kobold, but does no damage!
You miss the kobold. Grosm hits you. Grosm freezes you!
The kobold hits you but does no damage.
You closely miss the kobold. Grosm hits you. Grosm freezes you.
* * * LOW HITPOINT WARNING * * *
The kobold closely misses you. Grosm hits you.
* * * LOW HITPOINT WARNING * * *
Grosm freezes you!
* * * LOW HITPOINT WARNING * * *
You feel better. The kobold barely misses you. Grosm hits you.
* * * LOW HITPOINT WARNING * * *
Grosm freezes you!
You die...

▓▓▓▓▓▓▓▓ ▓▓▓▓▓▓▓▓ ....▓▓▓▓
▓▓▓▓.... .......▓▓▓ ▓▓▓.......
.........▓▓ ▓▓.........
..........▓ ▓▓▓▓▓▓▓▓▓ ▓..........
..........▓▓▓.......▓▓▓..........
..........▓▓.........▓▓..........
..........▓....Y.P....▓..........
...............P@K%..............
..........▓....P.P....▓..........
..........▓▓.........▓▓..........
..........▓▓▓.......▓▓▓..........
..........# ▓▓▓▓▓▓▓▓▓ #..........
.........## ##.........
.......### ###....... ....####
####.... ######### #########


You could see Grosm the ice beast and a kobold.

Vanquished Creatures
  2 worms (Zot)
  An ooze (Zot)
  2 ball pythons (Zot)
  8 bats (Zot)
  A goblin (Zot)
  A hobgoblin (Zot)
  A giant cockroach (Zot)
  6 giant newts (Zot)
  7 rats (Zot)
29 creatures vanquished.

Vanquished Creatures (others)
  An oklob sapling (Zot)
  A kobold (Zot)
  2 rats (Zot)
4 creatures vanquished.

Grand Total: 33 creatures vanquished

Notes
Turn   | Place    | Note
--------------------------------------------------------------
     0 | Zot      | Meenos, the Ogre Berserker, began the quest for the Orb.
     0 | Zot      | Reached XP level 1. HP: 24/24 MP: 1/1
   225 | Zot      | Reached XP level 2. HP: 30/33 MP: 2/2
   238 | Zot      | Reached XP level 3. HP: 22/40 MP: 3/3
   313 | Zot      | Reached skill level 5 in Fighting
   334 | Zot      | Acquired Trog's second power
   334 | Zot      | Reached XP level 4. HP: 40/50 MP: 4/4
   440 | Zot      | Noticed Grosm
   447 | Zot      | HP: 2/50 [Grosm the ice beast (12)]
   448 | Zot      | Slain by Grosm the ice beast

Action                   |  1- 3 |  4- 6 || total
-------------------------+-------+-------++-------
Melee: Falchion          |    52 |    33 ||    85
Invok: Berserk           |     1 |       ||     1
 Abil: Make arrow trap   |     1 |     1 ||     2
       Make oklob saplin |     1 |       ||     1
       Make plant        |       |     4 ||     4
  Use: Potion            |     2 |     1 ||     3
